 Dungeon Crawl Stone Soup version 0.31-a0-667-g39726597b9 (webtiles) character file.

Game seed: 247877643453041294

256 Ordine the Conjurer (level 6, -1/19 (35) HPs)
             Began as a Tengu Reaver on Sept 4, 2023.
             Slain by a gnoll
             ... wielding a +0 halberd
              (6 damage)
             ... on level 2 of the Dungeon.
             The game lasted 00:06:02 (2366 turns).

Ordine the Conjurer (Tengu Reaver)                  Turns: 2366, Time: 00:06:05

HP:   -1/19 (35)    AC:  3    Str: 12    XL:     6   Next: 16%
MP:   10/11         EV: 12    Int: 13    God:
Gold: 162           SH:  0    Dex: 15    Spells: 8/11 levels left

rFire   . . .        a - +0 falchion
rCold   . . .        (no shield)
rNeg    . . .        l - +0 troll leather armour {Pargi}
rPois   .            (helmet restricted)
rElec   .            (no cloak)
rCorr   .            (no gloves)
SInv    .            (boots unavailable)
Will    .....        (no amulet)
Stlth   +            (no ring)
HPRegen 1.03/turn    (no ring)
MPRegen 0.12/turn

%: acrobat
@: very slightly contaminated, very heavily drained
A: beak, talons 3, acrobatic
a: no special abilities


You were on level 2 of the Dungeon.
You visited 1 branch of the dungeon, and saw 3 of its levels.

You collected 162 gold pieces.

Inventory:

Hand Weapons
 a - a +0 falchion (weapon)
Armour
 l - a +0 troll leather armour (worn) {Pargi}
Jewellery
 g - an amulet of faith
Scrolls
 d - 2 scrolls of identify {unknown}
 e - 2 scrolls of teleportation {unknown}
 f - a scroll of torment {unknown}
 i - a scroll of poison {unknown}
 k - 2 scrolls of immolation {unknown}
Potions
 b - a potion of berserk rage {unknown}
 c - a potion of haste {unknown}
 h - a potion of magic {unknown}
 j - a potion of degeneration {unknown}


   Skills:
 - Level 2.0 Fighting
 * Level 5.2 Long Blades
 - Level 2.1 Dodging
 + Level 3.0 Spellcasting
 + Level 5.3 Conjurations
 - Level 2.0 Necromancy
 + Level 1.1 Translocations


You had 8 spell levels left.
You knew the following spells:

 Your Spells              Type           Power      Damage    Failure   Level
a - Kiss of Death         Conj/Necr      44%        2d8       6%          1
b - Momentum Strike       Conj/Tloc      20%        3d8       12%         2

Your spell library contained the following spells:

 Spells                   Type           Power      Damage    Failure   Level
 Blink                    Tloc           8%         N/A       28%         2
 Lesser Beckoning         Tloc           8%         N/A       28%         2
 Hailstorm                Conj/Ice       8%         3d4       28%         3
 Gell's Gravitas          Tloc           4%         N/A       50%         3
 Teleport Other           Tloc           4%         N/A       50%         3
 Manifold Assault         Tloc           4%         N/A       88%         4


Dungeon Overview and Level Annotations

Branches:
Dungeon (3/15)

Altars:
Cheibriados
Zin


Innate Abilities, Weirdness & Mutations

You have a beak for a mouth.
You have claws for feet.
You can magically evade attacks while moving or waiting.


Message History

The gnoll attacks as it pursues you! The gnoll completely misses you.
The gnoll attacks as it pursues you! The gnoll completely misses you.
The gnoll attacks as it pursues you! The gnoll closely misses you.
There is an open door here.
You close the door.
A gnoll breaks down the door.
The gnoll seems less drained.
There is an open door here.
A dart slug comes into view.
There is a stone staircase leading up here.
You climb upwards.
There is a stone staircase leading down here.
You start waiting.
Done waiting.
You climb downwards.
The gnoll closely misses you.
There is a stone staircase leading up here.
The dart slug launches a dart at you. The slug dart hits you.
The dart slug launches a dart at you. The slug dart misses you.
The slug dart hits the gnoll.
The gnoll misses you.
There is a stone staircase leading up here.
The gnoll closely misses you. The gnoll hits you with a +0 halberd!
Ouch! That really hurt!
You climb upwards.
There is a stone staircase leading down here.
You hit the gnoll. Your kick misses the gnoll.
The gnoll is severely wounded.
The gnoll hits you with a +0 halberd. The gnoll barely misses you.
You hit the gnoll.
You kill the gnoll!
The gnoll hits you with a +0 halberd.
* * * LOW HITPOINT WARNING * * *
Casting: Kiss of Death (safe; 6% risk of failure)
Confirm with . or Enter, or press ? or * to list all spells.
Aiming: Kiss of Death (safe; 6% risk of failure)
Press: ? - help, Shift-Dir - straight line, f - gnoll
Aim: a gnoll, wielding a +0 halberd (100% to hit)
You miscast Kiss of Death.
You are very lightly contaminated with residual magic.
Nothing appears to happen.
The gnoll hits you with a +0 halberd.
You die...

######################
#......)..#..........#####
#.........#.#######......#
##.........#.# #......# ###
...........#.# #......# #..
##....†....#.# ##'###### #.#
#######'###)# #......# #.#
########.###.##### ######.# #.#
...............g@# #.# #.#
########.###.###)# #.# #.#
.............#...# #.####.#
.........#####.#.#########......#
.........# #...................
.........# #...################
.........# #...# .........#
#...### ........)# #.....#


You could see a gnoll.

Vanquished Creatures
  Pargi (D:3)
  2 orc priests (D:3)
  Jessica (D:2)
  A gnoll (D:2)
  3 worms
  3 dart slugs (D:1)
  4 orcs (D:3)
  7 ball pythons
  4 bats
  5 endoplasms
  A giant cockroach (D:3)
  3 hobgoblins (D:1)
  3 quokkas
  4 frilled lizards
  6 goblins
  4 kobolds
  5 rats
57 creatures vanquished.

Notes
Turn   | Place    | Note
-------+----------+-------------------------------------------
     0 | D:1      | Ordine the Tengu Reaver began the quest for the Orb.
     0 | D:1      | Reached XP level 1. HP: 12/12 MP: 4/4
    83 | D:1      | Reached XP level 2. HP: 17/17 MP: 6/6
   229 | D:1      | Reached skill level 1 in Necromancy
   264 | D:1      | Reached XP level 3. HP: 13/21 MP: 7/7
   884 | D:2      | Found a snail-covered altar of Cheibriados.
  1282 | D:2      | Noticed Jessica
  1287 | D:2      | Killed Jessica
  1288 | D:2      | Reached XP level 4. HP: 23/26 MP: 8/8
  1746 | D:2      | Learned a level 2 spell: Momentum Strike
  1859 | D:3      | Reached XP level 5. HP: 7/28 MP: 7/10
  1862 | D:3      | Reached skill level 5 in Conjurations
  1865 | D:3      | Identified the +2 mace of Zidomaos {flame, rN+ Dex+4 SInv}
  2012 | D:3      | Noticed Pargi
  2021 | D:3      | Killed Pargi
  2022 | D:3      | Reached skill level 5 in Long Blades
  2022 | D:3      | Reached skill level 1 in Translocations
  2022 | D:3      | Reached XP level 6. HP: 2/25 MP: 7/11
  2186 | D:3      | Found a glowing silver altar of Zin.
  2366 | D:2      | Slain by a gnoll

Illustrated notes

Levels and vault maps discovered:
D:1:      matt_arrival_spirals, layout_basic
D:2:      layout_basic, basic_altar, uniq_jessica
D:3:      layout_loops_corners, pdpol_temple_overflow_zin_treasury_gozag_greed,
          uniq_pargi

Skill      XL: |  1  2  3  4  5 |
---------------+----------------+-----
Necromancy     | 1 2 |  2.0
Long Blades    | 4 5 |  5.2
Conjurations   | 5 |  5.3
Spellcasting   | 3 |  3.0
Translocations | 1 |  1.1
Fighting       | |  2.0
Dodging        | |  2.1

Action                     |  1- 3 |  4- 6 || total
---------------------------+-------+-------++-------
  Melee: Falchion          |    87 |    40 ||   127
         Kick              |    22 |    10 ||    32
         Peck              |    10 |     6 ||    16
         Punch             |       |     2 ||     2
   Cast: Kiss of Death     |     1 |     6 ||     7
   Stab: Sleeping          |     1 |     1 ||     2
 Armour: Leather armour    |    35 |    17 ||    52
         Troll leather arm |       |     8 ||     8
  Dodge: Dodged            |    64 |    36 ||   100

Table legend: (Time is in decaauts)
 A = Elapsed time spent in this place.
 B = Non-inter-level travel time spent in this place.
 C = Inter-level travel time spent in this place.
 D = Time resting spent in this place.
 E = Time spent auto-exploring this place.
 F = Levels seen in this place.
 G = Mean time per level.
                   A        B        C        D        E       F      G
               +--------+--------+--------+--------+--------+-----+--------+
         Total |   2381 |   2146 |    235 |    100 |   1644 |   3 |  793.7 |
       Dungeon |   2381 |   2146 |    235 |    100 |   1644 |   3 |  793.7 |
               +--------+--------+--------+--------+--------+-----+--------+

Top non-repeatable levels by time:
     D:2: 1004 daAuts
     D:1: 804 daAuts
     D:3: 571 daAuts
